[Event "Austrian Bundesliga 2023-24"]
[Site "Austria"]
[Date "2024.03.24"]
[Round "11.6"]
[White "Hartl, Daniel"]
[Black "Mikes, Jan"]
[Result "1/2-1/2"]
[ECO "E62"]
[WhiteElo "2248"]
[BlackElo "2358"]
[Annotator "RC"]
[PlyCount "125"]
[EventDate "2023.10.21"]
[EventType "team-tourn"]
[EventCountry "AUT"]
[SourceTitle "playchess.com"]
[Source "ChessBase"]
[SourceQuality "1"]
[TimeControl "40/5400+30:1800+30"]

1. d4 Nf6 2. c4 g6 3. g3 Bg7 4. Bg2 O-O 5. Nf3 d6 6. Nc3 c6 7. O-O Bf5 8. h3 Ne4 9. Nxe4 Bxe4 10. Be3 Nd7 11. Qd2 Qb6 12. Rfd1 d5 13. Ne5 Nf6 14. f3 Bf5 15. c5 Qd8 16. g4 Bc8 17. Bh6 Ne8 18. b4 f6 19. Nd3 g5 20. Bxg7 Nxg7 21. f4 h6 22. e3 Qc7 23. Rf1 Be6 24. a4 Bf7 25. b5 Bg6 26. Ra3 Qd7 27. Rb3 Bxd3 28. Qxd3 f5 29. bxc6 bxc6 30. Qe2 Qe6 31. fxg5 hxg5 32. gxf5 Rxf5 33. Qg4 Rxf1+ 34. Bxf1 Qf6 35. Bd3 Rf8 36. Rb2 e5 37. Rg2 exd4 38. exd4 Ne6 39. h4 Qxd4+ 40. Qxd4 Nxd4 41. Rxg5+ Kf7 42. Kf2 Rh8 43. h5 Rh6 44. Ke3 Kf6 45. Rg8 Ne6 46. Bg6 Nxc5 47. Ra8 Nxa4 48. Kd4 c5+ 49. Kd3 Ke5 50. Rxa7 c4+ 51. Kc2 Nc5 52. Re7+ Ne6 53. Kc3 Kd6 54. Rh7 Rxh7 55. Bxh7 Kc5 56. Bg8 d4+ 57. Kd2 Nf4 58. h6 c3+ 59. Kc2 Kb4 60. Bh7 Nd5 61. Bg6 Nf6 62. h7 Nxh7 63. Bxh7 1/2-1/2

[Event "Austrian Bundesliga 2023-24"]
[Site "Austria"]
[Date "2024.03.24"]
[Round "11.7"]
[White "Kadric, Denis"]
[Black "Donchenko, Alexander"]
[Result "1/2-1/2"]
[ECO "B22"]
[WhiteElo "2560"]
[BlackElo "2631"]
[Annotator "TA"]
[PlyCount "45"]
[EventDate "2023.10.21"]
[EventType "team-tourn"]
[EventCountry "AUT"]
[SourceTitle "playchess.com"]
[Source "ChessBase"]
[SourceQuality "1"]
[TimeControl "40/5400+30:1800+30"]

1. e4 c5 2. c3 Nf6 3. e5 Nd5 4. Bc4 Nb6 5. Bb3 d6 6. exd6 Qxd6 7. Na3 Nc6 8. Ne2 ({Better is} 8. d4) 8... g6 9. d4 cxd4 10. Nb5 Qd7 11. cxd4 {[%emt 0:20:02] Threatens to win with Bf4.} Bg7 12. Bf4 {[%emt 0:06:20] [#] Hoping for Nc7+.} O-O 13. O-O e5 14. dxe5 Nxe5 15. Nec3 Nbc4 16. Bxc4 (16. Re1 $5) 16... Nxc4 {[%emt 0:00:43] The position is equal.} 17. Nc7 Qxd1 $1 18. Nxd1 Rb8 19. Na6 Ra8 ({But not} 19... bxa6 $6 20. Bxb8 Re8 21. Ne3 $16 (21. Bxa7 Nd2 $11)) 20. Nc7 Rb8 21. Na6 Ra8 (21... bxa6 22. Bxb8 Re8 23. Ne3 (23. Bxa7 Nd2 $11) 23... Nxb2 24. Bxa7) 22. Nc7 Rb8 23. Na6 {Not much happened in this game.   Weighted Error Value: White=0.11 (very precise) /Black=0.10 (very precise) .  Mistake:       	White=1     	---        Inaccurate:     	White=2     	Black=3      OK:         	White=8     	Black=8      Best:        	---       	Black=1      Strong:       	---       	Black=1} 1/2-1/2

[Event "Austrian Bundesliga 2023-24"]
[Site "Austria"]
[Date "2024.03.24"]
[Round "11.8"]
[White "Bluebaum, Matthias"]
[Black "Erdos, Viktor"]
[Result "1/2-1/2"]
[ECO "E01"]
[WhiteElo "2655"]
[BlackElo "2552"]
[Annotator "TA"]
[PlyCount "79"]
[EventDate "2023.10.21"]
[EventType "team-tourn"]
[EventCountry "AUT"]
[SourceTitle "playchess.com"]
[Source "ChessBase"]
[SourceQuality "1"]
[TimeControl "40/5400+30:1800+30"]

1. d4 Nf6 2. c4 e6 3. g3 d5 4. Bg2 dxc4 5. Qa4+ c6 6. Qxc4 b5 7. Qc2 Bb7 8. Nf3 Nbd7 9. Ne5 Nxe5 10. dxe5 Nd5 11. O-O Be7 12. Nc3 O-O 13. Rd1 Qb8 14. Nxd5 cxd5 15. f4 Rc8 16. Qd3 b4 17. Be3 a5 18. Bd4 Ba6 19. Qd2 b3 20. axb3 Qxb3 21. Qxa5 Bxe2 22. Qxa8 Qxd1+ 23. Rxd1 Rxa8 24. Rc1 g6 25. Kf2 Ra4 26. Ke3 Bc4 27. Bf1 Bxf1 28. Rxf1 $11 {[%emt 0:02:40][%mdl 4096] Endgame. KRB-KRB} Rc4 29. Kd3 Bc5 30. Bxc5 Rxc5 {[%emt 0:00:02] KR-KR} 31. b4 Rc4 32. Rb1 {[%emt 0:00:06] [#] Threatens to win with b5.} Kf8 33. b5 {[%emt 0:01:05] Hoping for b6.} Ke7 34. b6 (34. Ra1 $1 $14) 34... Rc8 {[%emt 0:00:06] The position is equal.} 35. Ra1 {[%emt 0:00:02] Strongly threatening Ra7+.} Rb8 36. Ra7+ Ke8 37. Ra6 {[%emt 0:00:06] [#] Kd4 would now be deadly.} (37. b7 Kd7 $17) 37... Kd7 38. Ra7+ (38. Kd4 $5 Kc6 $8 39. Ra7 $11) 38... Ke8 39. Ra6 {[%emt 0:00:28] And now Kd4 would win.} (39. b7 Kd7 40. h3 Kc6) 39... Kd7 40. Ra7+ {[%emt 0:00:00] Weighted Error Value: White=0.03 (flawless) /Black=0.02 (flawless) .  Mistake:       	White=1     	---        OK:         	White=21    	Black=13     Best:        	White=1     	Black=7} (40. Kd4 $5 Kc6 $8 41. Ra7 $11) 1/2-1/2

[Event "Austrian Bundesliga 2023-24"]
[Site "Austria"]
[Date "2024.03.24"]
[Round "11.9"]
[White "Ivanisevic, Ivan"]
[Black "Svane, Rasmus"]
[Result "0-1"]
[ECO "E39"]
[WhiteElo "2523"]
[BlackElo "2623"]
[Annotator "TA"]
[PlyCount "132"]
[EventDate "2023.10.21"]
[EventType "team-tourn"]
[EventCountry "AUT"]
[SourceTitle "playchess.com"]
[Source "ChessBase"]
[SourceQuality "1"]
[TimeControl "40/5400+30:1800+30"]

1. d4 Nf6 2. c4 e6 3. Nc3 Bb4 4. Qc2 c5 5. dxc5 O-O 6. a3 Bxc5 7. Nf3 d5 8. Bg5 Be7 9. e3 h6 10. Bh4 Nc6 {[%emt 0:01:00] The position is equal.} 11. Be2 dxc4 12. Bxc4 Bd7 13. Rd1 Rc8 14. Ba2 Qc7 15. O-O Rfd8 16. Bg3 {[%emt 0:10:42] Wards off Ne5} Qa5 17. Nd2 b5 18. Nb3 (18. Nde4 {with more complications.} Nxe4 19. Qxe4 b4 20. axb4 Qxb4 21. Bb1) 18... Qb6 19. Bb1 g6 20. Qe2 b4 21. Na4 {[%emt 0:10:25] [#]} Nd4 $1 22. Nxd4 Bxa4 23. b3 Be8 24. axb4 Nd5 {[%emt 0:06:14][%cal Od5c3] Hoping for ...Nc3!} 25. Qf3 Nc3 (25... Bxb4 26. h4 $11) 26. Rc1 Bb5 $1 {[%emt 0:02:10] Repels Bd3} (26... Bxb4 27. Bd3 $15) 27. Nxb5 Qxb5 28. Kh1 Bxb4 29. h3 (29. Bh4 $142) 29... Ba3 30. Rce1 Bf8 {[%emt 0:02:03][%cal Od8d7] Black is much more active.} 31. Bh4 Rd7 32. Bf6 Bg7 (32... Qxb3 $142 33. Rc1 a5) 33. e4 (33. Bxc3 $17 Rxc3 34. Qa8+ Bf8 35. Be4) 33... Nxb1 34. Bxg7 Kxg7 35. Rxb1 Rd3 36. Qf4 e5 37. Qh4 Rxb3 38. Rbd1 Rd3 39. Rb1 Rb3 40. Rbd1 Rb4 41. Qe7 a5 42. f4 Re8 $36 {[%emt 0:03:03][%mdl 2048] Black is in control.} 43. Qa7 Qb6 44. Rd7 (44. Qd7 $142 Qe6 45. fxe5) 44... Qf6 $1 $17 45. Qf2 Re7 (45... Rxe4 46. fxe5 Qxf2 47. Rxf2 $11) 46. Rxe7 Qxe7 $19 {[%emt 0:00:05][%mdl 4096] Endgame. KQR-KQR} 47. f5 {[%emt 0:00:03] White threatens f6+ and mate.} Qf6 (47... Rxe4 48. f6+ Kf8 49. fxe7+ Kxe7 50. Qxf7+ Kd6 51. Rf6+ (51. Qxg6+ Kd5 52. Qf7+ Kd4 53. Rd1+ Kc3 54. Qd5 Re3 55. Rc1+ Kb4 56. Qc4+ Ka3 57. Ra1+ Kb2 58. Ra2+ Kb1 59. Qc2#) 51... Kc5 52. Qc7+ (52. Rxg6 Rc4 53. Qc7+ Kb4 54. Qb6+ Kc3 55. Rg3+ Kd2 56. Qf2+ Kc1 57. Ra3 Kb1 58. Rb3+ Kc1 59. Rb2 h5 60. Qd2#) 52... Kd4 53. Rd6+ (53. Qxa5 Rf4 54. Rd6+ Ke4 55. g3 h5 56. gxf4 Kxf4 57. Qe1 Kg5 58. Qe4 h4 59. Rxg6+ Kh5 60. Qg4#) 53... Ke3 54. Qc3+ (54. Qxa5 Kf4 55. Qd5 Re1+ 56. Kh2 e4 57. Qd2+ Ke5 58. Qd4+ Kf4 59. Qf2+ Kg5 60. Rd5#) 54... Kf4 55. Qf3+ (55. Rxg6 Re3 56. Qc4+ e4 57. Qf7+ Ke5 58. Qf6+ Kd5 59. Qc6+ Kd4 60. Rd6+ Ke5 61. Rd5+ Kf4 62. Qd6#) 55... Kg5 56. Qxe4 h5 57. Rxg6#) 48. Qe2 g5 49. Rc1 (49. Kh2 {is a better defense.}) 49... a4 50. Kh2 a3 51. Rc8 Qb6 {[%emt 0:03:07] ...Rb1 is the strong threat.} 52. Qf3 {[%emt 0:00:46] [#]} a2 $1 53. Ra8 {[%emt 0:03:24] [#]} Qc6 $1 (53... Rb2 54. Qc3 $11) 54. Rxa2 Qxe4 (54... Rxe4 55. f6+ Kg6 (55... Qxf6 $2 56. Qxe4 Qf4+ 57. Qxf4 $18) 56. g4 $18) 55. Qxe4 Rxe4 {[%emt 0:00:03] KR-KR} 56. Ra6 $2 {[%emt 0:00:42][%mdl 8192] Now White is beyond hope.} (56. g4 $17 {was necessary.}) 56... h5 57. g3 g4 58. hxg4 (58. h4 $142) 58... Rxg4 {[%emt 0:00:34] Threatens to win with ...h4. Black is clearly winning.} ({Less strong is} 58... hxg4 59. Kg2 $17) 59. Kg2 Rg5 60. f6+ Kg6 {[%emt 0:00:04] Strongly threatening ...h4.} 61. Kf3 Kf5 62. Rb6 Rg4 {[%emt 0:00:46] And now ...h4 would win.} 63. Rb8 h4 64. gxh4 Rxh4 65. Rb6 Rh3+ (65... Rh6 66. Ke3 $19) 66. Kg2 Rh6 {[%emt 0:00:41] Weighted Error Value: White=0.22 (precise) /Black=0.10 (very precise) .  Loses game:     	White=1     	---        Mistake:       	White=5     	Black=1      Inaccurate:     	White=3     	Black=1      OK:         	White=26    	Black=19     Best:        	White=4     	Black=1      Strong:       	---       	Black=4      Brilliant:      	---       	Black=1} 0-1

[Event "Austrian Bundesliga 2023-24"]
[Site "Austria"]
[Date "2024.03.24"]
[Round "11.10"]
[White "Svane, Frederik"]
[Black "Perunovic, Milos"]
[Result "1-0"]
[ECO "B48"]
[WhiteElo "2617"]
[BlackElo "2535"]
[Annotator "TA"]
[PlyCount "73"]
[EventDate "2023.10.21"]
[EventType "team-tourn"]
[EventCountry "AUT"]
[SourceTitle "playchess.com"]
[Source "ChessBase"]
[SourceQuality "1"]
[TimeControl "40/5400+30:1800+30"]

1. e4 c5 2. Nf3 e6 3. d4 cxd4 4. Nxd4 Nc6 5. Nc3 Qc7 6. Be3 a6 7. Bd3 b5 8. Nxc6 Qxc6 9. Qd2 Bb7 10. O-O-O b4 11. Ne2 {[%emt 0:00:12] Die Stellung ist ausgeglichen.} Nf6 12. Kb1 Qc7 13. f3 Be7 14. Nd4 O-O 15. g4 Rac8 16. h4 Bc5 17. h5 Qb6 18. Be2 ({Besser ist} 18. Qf2 $14) 18... d5 $11 19. e5 Nd7 20. f4 $36 {[%emt 0:00:19][%mdl 2048] Weiss steht aktiver.} f6 $1 21. exf6 Nxf6 22. Bf3 Ne4 23. Bxe4 dxe4 24. Qh2 {[%emt 0:00:05] Mit der Idee f5.} Rcd8 $2 {[%emt 0:03:15][%mdl 8192] [#] Danach kann Schwarz die Partie nicht mehr halten.} (24... Rce8 $11 {und Schwarz steht sicher.}) 25. h6 $1 $18 {[%emt 0:01:35] Weiss droht hxg7 und Matt.} Rf7 {[%emt 0:01:11] [#]} (25... Bxd4 $2 26. hxg7 Bxg7 27. Qxh7+ (27. Bxb6 Rxd1+ 28. Rxd1 Bc6 $18) 27... Kf7 28. Bxb6 $18) (25... g6) 26. f5 $1 Bxd4 (26... Rxd4 27. Bxd4) 27. hxg7 Rxg7 28. Rxd4 Rxd4 29. Bxd4 Qxd4 30. Qb8+ (30. fxe6 $2 Bc8 (30... Rxg4 31. Qxh7+ Kf8 32. Qf7#) 31. g5 Re7 $19 (31... Rxg5 32. Qxh7+ Kf8 33. Qf7#) (31... Bxe6 $2 32. Qb8+ Kf7 33. Rf1+ Ke7 34. Qc7+ Bd7 35. Qf4 $19)) 30... Kf7 {[%emt 0:00:05] Droht stark ...Bc6.} 31. Qxb7+ {[%emt 0:00:03][%mdl 4096] Endspiel. KQR-KQR} Kf6 32. Qc8 Rd7 {[%emt 0:01:11][%cal Od4d1] ( -> ...Qd1+!)} 33. b3 (33. Qxa6 $2 Qd1+ 34. Rxd1 Rxd1#) 33... exf5 34. Qf8+ (34. Qxa6+ Kg7 35. gxf5 Rf7 $18) 34... Rf7 $2 (34... Ke5 $18 35. gxf5 (35. Qxf5+ Kd6 $16) 35... Rd6 36. Qe7+ (36. Rxh7 Qg1+ 37. Kb2 Qd4+ 38. Kb1 Qd1+ 39. Kb2 Qd4+ 40. Kb1 $11) 36... Kd5 37. Qb7+ (37. Rxh7 Qg1+ 38. Kb2 Qd4+ 39. Kb1 Qd1+ 40. Kb2 Qd4+ 41. Kb1 $11) (37. Qxh7 Kc6 $18) 37... Ke5 38. Qxh7 Kd5 39. Qb7+ Ke5) 35. g5+ $1 {[%emt 0:00:21] Weiß setzt Matt.} Ke6 36. Rh6+ Ke5 37. Qb8+ {[%emt 0:00:09] Gewichteter Fehlerwert: Weiß=0.23 (präzise) /Schwarz=0.62.  Verlustzug:     	---       	Schwarz=1     Fehler:       	Weiß=1     	Schwarz=2     Ungenau:       	Weiß=1     	Schwarz=4     OK:         	Weiß=16    	Schwarz=7     Bester:       	---       	Schwarz=2     Stark:        	Weiß=2     	Schwarz=1} 1-0

[Event "Austrian Bundesliga 2023-24"]
[Site "Austria"]
[Date "2024.03.24"]
[Round "11.11"]
[White "Ftacnik, Lubomir"]
[Black "Wagner, Dennis"]
[Result "1/2-1/2"]
[ECO "D45"]
[WhiteElo "2453"]
[BlackElo "2620"]
[Annotator "TA"]
[PlyCount "108"]
[EventDate "2023.10.21"]
[EventType "team-tourn"]
[EventCountry "AUT"]
[SourceTitle "playchess.com"]
[Source "ChessBase"]
[SourceQuality "1"]
[TimeControl "40/5400+30:1800+30"]

1. d4 Nf6 2. Nf3 d5 3. c4 e6 4. Nc3 c6 5. e3 Nbd7 6. Qc2 Bd6 7. Bd3 dxc4 8. Bxc4 b5 9. Be2 O-O 10. O-O Qc7 {[%emt 0:00:25] D46: Semi-Slav: 5 e3 Nbd7 6 Bd3, Black avoids the Meran.} 11. e4 e5 12. g3 Re8 13. dxe5 Nxe5 14. Bg5 $146 ({Predecessor:} 14. Nxe5 Bxe5 15. Bf3 Bh3 16. Re1 h6 17. Be3 Qe7 18. Ne2 Rac8 19. Nf4 Bxf4 20. Bxf4 {1-0 Grigoriants,S (2578)-Bajarani,U (2436) Chigorin Memorial 20th 2012 (6)}) 14... Bh3 15. Rfc1 Rac8 16. Bxf6 gxf6 17. Nd1 Bf8 18. Nh4 Ng6 19. Nf5 Qe5 20. Nde3 Qxe4 21. Qxe4 Rxe4 22. Bf3 (22. Bxb5 Rxe3 23. Nxe3 cxb5 24. Rxc8 Bxc8 $19) (22. Bf1 $11 Bxf5 (22... Bxf1 23. Kxf1 h5 24. Rc2 $11) 23. Nxf5) 22... Re5 $15 23. Nd4 Bc5 24. Rd1 Bxd4 25. Rxd4 c5 26. Rd6 f5 27. Rad1 c4 28. Bg2 Bxg2 29. Kxg2 f4 30. Ng4 Re2 31. Nh6+ Kf8 32. gxf4 (32. Nf5 $1 $15) 32... Rxb2 $17 33. f5 Nf4+ (33... Kg7 $142 $1 34. fxg6 Kxh6 35. gxf7+ Kg7) 34. Kf3 (34. Kg3 $17 Ne2+ 35. Kh3 Nf4+ (35... Rxa2 36. f6 $11) 36. Kh4) 34... Nd3 $19 35. f6 Rxf2+ ({Inferior is} 35... Nxf2 36. Rd8+ Rxd8 37. Rxd8#) (35... Rxa2 36. Rg1 Ne5+ (36... Nxf2 37. Rg8#) (36... Rxf2+ $2 37. Ke3 $18) 37. Kg3 $11) 36. Kg3 Re2 $1 ({And not} 36... Rxa2 37. Rd7 Ra6 38. Rxf7+ Ke8 39. Re7+ Kf8 40. Rxh7 Rxf6 41. Rh8+ Ke7 42. Rxc8 $11) 37. Rd7 Re3+ (37... Rxa2 $2 {perishes.} 38. Rxf7+ Ke8 39. Re7+ Kf8 40. Rxh7 $18) 38. Kh4 (38. Kg2 {was forced.} Re6 39. Rxf7+ Ke8 40. a4) 38... Re4+ (38... Ke8 $142 39. Rb7 Re4+ 40. Kg3 Rc6 (40... Re3+ $2 41. Kh4 $19) 41. Rb8+ Kd7 42. Rb7+ Kc8) 39. Kg3 $19 Re3+ (39... Ke8 $142 $1 40. Rxf7 Re3+ 41. Kg2 Rc6) 40. Kh4 $19 Re4+ 41. Kg3 Ke8 42. Rxf7 (42. Rxa7 $142 Re3+ 43. Kg2) 42... Re3+ $1 $19 43. Kh4 $2 {[%emt 0:04:06] [#]} (43. Kg2 Rc6 44. Rf1) 43... c3 $1 $19 44. Rxh7 Rc4+ 45. Kg5 {[%emt 0:02:33] [#]} Re5+ $2 (45... Rc5+ $1 $19 46. Kh4 c2) 46. Kg6 $11 Nf4+ 47. Kg7 Nh5+ 48. Kg6 Nf4+ 49. Kg7 Rg5+ 50. Kh8 Ng6+ 51. Kg8 Ne7+ 52. Kh8 Ng6+ 53. Kg8 Ne7+ 54. Kh8 Ng6+ 1/2-1/2

[Event "Austrian Bundesliga 2023-24"]
[Site "Austria"]
[Date "2024.03.24"]
[Round "11.12"]
[White "Buhmann, Rainer"]
[Black "Borhy, Marcell"]
[Result "1/2-1/2"]
[ECO "D02"]
[WhiteElo "2568"]
[BlackElo "2370"]
[Annotator "TA"]
[PlyCount "63"]
[EventDate "2023.10.21"]
[EventType "team-tourn"]
[EventCountry "AUT"]
[SourceTitle "playchess.com"]
[Source "ChessBase"]
[SourceQuality "1"]
[TimeControl "40/5400+30:1800+30"]

1. d4 d5 2. Nf3 Nf6 3. c4 e6 4. e3 Be7 5. b3 O-O 6. Bd3 c5 7. O-O cxd4 8. exd4 b6 9. Bb2 Bb7 10. Nbd2 Nbd7 11. Qe2 Rc8 12. Rac1 {[%emt 0:00:56] Die Stellung ist ausgeglichen.} Re8 13. Rfd1 Nf8 14. Ne5 Ng6 15. Nxg6 hxg6 16. Nf3 dxc4 17. bxc4 Nd7 18. a4 Qc7 19. a5 Bd6 20. axb6 axb6 21. Ne5 Nxe5 22. dxe5 Bc5 23. Qg4 Red8 24. Bf1 Rxd1 25. Rxd1 Rd8 26. Rxd8+ Qxd8 27. Bc3 Bc6 28. h3 Qd7 29. Qe2 Qd8 30. Qg4 Qd7 31. Qe2 Qd8 32. Qg4 {[%emt 0:02:24] Eine ausgeglichene Partie nicht ohne Feinheiten.   Gewichteter Fehlerwert: Weiß=0.04 (makellos) /Schwarz=0.03 (makellos) .  OK:         	Weiß=11    	Schwarz=8} 1/2-1/2

[Event "Austrian Bundesliga 2023-24"]
[Site "Austria"]
[Date "2024.03.24"]
[Round "11.13"]
[White "Michalik, Peter"]
[Black "Baldauf, Marco"]
[Result "1/2-1/2"]
[ECO "B13"]
[WhiteElo "2562"]
[BlackElo "2481"]
[Annotator "TA"]
[PlyCount "76"]
[EventDate "2023.10.21"]
[EventType "team-tourn"]
[EventCountry "AUT"]
[SourceTitle "playchess.com"]
[Source "ChessBase"]
[SourceQuality "1"]
[TimeControl "40/5400+30:1800+30"]

1. e4 c6 2. d4 d5 3. exd5 cxd5 4. Bd3 Nf6 5. c3 Bg4 6. Qb3 Qc7 7. Ne2 {[%emt 0:00:56] B13: Caro-Kann: Exchange Variation and Panov-Botvinnik Attack.} Bxe2 8. Bxe2 e6 9. Bg5 Bd6 10. Nd2 Nc6 11. g3 $146 ({Predecessor:} 11. Nf3 Ne4 12. Bh4 O-O 13. Bg3 f5 14. Bxd6 Qxd6 15. Bb5 Qf4 16. Qd1 Ne7 17. Qc1 {0-1 Gruber,M (2155)-Loeffler,C (2166) AUT-chT2W 1213 2012 (10.5)}) 11... O-O-O 12. a4 Kb8 13. a5 h6 14. Be3 h5 15. Nf3 Nxa5 16. Qa4 b6 17. O-O Ne4 18. Rfc1 Nc4 (18... h4 $1 $15 19. b4 Nc4 (19... Nxc3 $2 20. Rxc3 Qxc3 21. bxa5 $18) 20. Bxc4 dxc4 21. Nxh4 g5) 19. Bxc4 $14 dxc4 20. b3 h4 21. bxc4 hxg3 22. hxg3 Bxg3 23. d5 (23. c5 $11 Bxf2+ 24. Bxf2) 23... Rh3 24. Bxb6 $2 {[%emt 0:04:15][%mdl 8192] [#]} (24. c5 $15 Nxc5 (24... Bxf2+ 25. Bxf2 Rg3+ 26. Kf1 $11) 25. Bxc5 Qxc5 26. Qxa7+ Kc8 27. Qa8+ (27. Qxf7 $2 Qxf2#) 27... Bb8 28. Ra7 Qxd5 (28... Rxf3 29. Qb7#) (28... Rg3+ 29. Kf1 $11) 29. Qxd5 exd5 (29... Rxd5 30. Rxf7 Rf5 31. Rxf5 $17) 30. Rxf7) 24... Bxf2+ $2 (24... Qxb6 $1 $19 25. Rcb1 Bxf2+ 26. Kg2 Rg3+ 27. Kf1 Rxf3 28. Qxa7+ Kc8 29. Qa8+ Kd7 (29... Kc7 $2 30. d6+ Rxd6 31. Qxe4 $19) 30. Qa4+ Ke7 31. Rxb6 Bxb6+ 32. Ke1 Rh8 (32... Rxc3 $2 33. Qb4+ Bc5 34. Qb7+ Rd7 35. Qb8 $19) (32... exd5 $2 33. Qb4+ Bc5 34. Qb7+ Rd7 35. Qb8 $19) 33. d6+ Nxd6 (33... Kxd6 34. Qd1+ $17)) 25. Bxf2 $14 Nxf2 (25... Rxf3 $2 26. Rcb1+ Kc8 27. Qa6+ Kd7 28. Rb7 $18 (28. Bxa7 $2 Qg3+ 29. Kh1 Rh8#)) (25... Rg3+ 26. Kf1 Nxf2 (26... Rxf3 $2 27. Rcb1+ Kc8 28. Qa6+ Kd7 29. Rb7 $18) 27. Rcb1+ (27. Kxf2 exd5 28. Qa5 Qxa5 $18) 27... Kc8 28. Qa6+ (28. Kxf2 Rd7 $18) 28... Kd7 29. Rb7 $18 (29. Kxf2 Qf4 $18)) 26. Rcb1+ (26. Qb5+ Ka8) (26. Ne5 $1 $14 Rh1+ (26... exd5 27. Nc6+) 27. Kg2 (27. Kxf2 Qb6+ 28. c5 Qxc5+ 29. Qd4 Qxd4+ 30. cxd4 Rxc1 $18) 27... Rh2+ 28. Kf1 (28. Kxh2 Ng4+ 29. Kg2 Nxe5 $14) 28... Rh1+ (28... Qxe5 29. Rcb1+ Kc8 30. Qc6+ Qc7 31. Qa6+ Kd7 32. Rb7 $18) 29. Kg2 (29. Kxf2 Qb6+ 30. c5 Qxc5+ 31. Qd4 Qxd4+ 32. cxd4 Rxc1 $14) 29... Rh2+ 30. Kxh2 Ng4+ (30... Qxe5+ $2 31. Kg2 $18) 31. Kg2 Nxe5 32. Qb3+ Kc8 33. Qa4) 26... Ka8 $11 27. Ne5 (27. d6 $5 Qc5 $8 (27... Qxd6 28. Qxa7#) 28. Rb5 $11) 27... Rh1+ $1 (27... Qxe5 28. Qxa7#) (27... exd5 28. Qc6+ (28. Kxf2 Qc5+ 29. Kf1 Rh1+ 30. Ke2 Rh2+ 31. Kd3 dxc4+ 32. Ke4 Re2+ 33. Kf3 Qe3+ 34. Kg4 Rg2+ 35. Kh5 Rh8#) 28... Qxc6 29. Nxc6 Rh1+ 30. Kxf2 (30. Kg2 Rh2+ 31. Kxh2 Rh8+ 32. Kg2 Rh2+ 33. Kxh2 Ng4+ 34. Kg3 dxc4 35. Rxa7#) 30... Rh2+ 31. Kg1) 28. Kg2 {[%emt 0:02:24] [#]} (28. Kxf2 $5 Qc5+ $8 29. Kf3 Rh3+ 30. Kg4 Rh4+ 31. Kf3 (31. Kxh4 Qf2+ 32. Kg4 f5+ 33. Kh5 Qh2+ 34. Kg6 Qh6+ 35. Kf7 Qf6#) 31... Rh3+ 32. Kg4 Rh4+ 33. Kf3 (33. Kxh4 Qf2+ 34. Kg4 f5+ 35. Kh5 Qh2+ 36. Kg6 Qh6+ 37. Kf7 Qf6#) 33... Rh3+ $11) 28... Rh2+ (28... Rxb1 $1 $11 29. Rxb1 Ne4 (29... Qxe5 30. Qc6#)) 29. Kg1 (29. Kxh2 $14 Ng4+ 30. Kg2 Nxe5 31. Qb5) 29... Nh3+ $11 (29... Qxe5 30. Qxa7#) 30. Kxh2 Qxe5+ 31. Kh1 $1 (31. Kxh3 Rh8+ 32. Kg4 Qf5+ 33. Kg3 Rh3+ (33... exd5 34. Qxa7#) 34. Kg2 Qf3+ 35. Kg1 Rh1#) 31... Qe4+ 32. Kh2 Qf4+ 33. Kh1 (33. Kxh3 $2 Rh8+ (33... exd5 34. Qxa7#) 34. Kg2 Rh2+ 35. Kg1 Qf2#) 33... Qf3+ 34. Kh2 Qe2+ 35. Kh1 $1 (35. Kxh3 $2 Qf3+ (35... exd5 36. Qxa7#) 36. Kh4 Rh8+ 37. Kg5 Rh5#) 35... Qe4+ 36. Kh2 Qe2+ 37. Kh1 $1 (37. Kxh3 $2 {leads to mate.} Qf3+ (37... exd5 38. Qxa7#) 38. Kh4 Rh8+ 39. Kg5 Rh5#) 37... Nf2+ 38. Kg1 Nh3+ ({Worse is} 38... exd5 39. Qxa7#) 1/2-1/2

[Event "Austrian Bundesliga 2023-24"]
[Site "Austria"]
[Date "2024.03.24"]
[Round "11.14"]
[White "Prusikin, Michael"]
[Black "Vogel, Roven"]
[Result "1/2-1/2"]
[ECO "D38"]
[WhiteElo "2508"]
[BlackElo "2521"]
[Annotator "TA"]
[PlyCount "61"]
[EventDate "2023.10.21"]
[EventType "team-tourn"]
[EventCountry "AUT"]
[SourceTitle "playchess.com"]
[Source "ChessBase"]
[SourceQuality "1"]
[TimeControl "40/5400+30:1800+30"]

1. d4 Nf6 2. c4 e6 3. Nf3 d5 4. Nc3 Bb4 5. cxd5 exd5 6. Bg5 h6 7. Bxf6 Qxf6 8. Qa4+ Nc6 9. e3 O-O 10. Be2 Rd8 11. Rc1 Bf8 12. O-O Ne7 13. b4 Nf5 14. Qb3 c6 15. b5 Bd6 {[%emt 0:00:30] Repels Ne5} 16. bxc6 bxc6 17. Na4 Rb8 18. Qc3 Ne7 19. Ne5 Bxe5 20. dxe5 Qg6 21. Rfd1 Bh3 22. Bf1 h5 23. Nc5 (23. Rd4 {feels hotter.} Nf5 24. Rf4 Qg5 25. e6) 23... h4 {[%emt 0:02:56][%cal Oh3g2] [#] Strongly threatening ...Bxg2!} 24. Kh1 Bg4 25. f3 Be6 26. Rd4 Qh6 {[%emt 0:03:04] The position is equal.} 27. Ra4 Nf5 28. Re1 (28. Rxa7 Nxe3 (28... Qxe3 29. Qxe3 Nxe3 30. Bd3 $17) 29. Ra4 (29. Nxe6 fxe6 30. Qxc6 h3 $19) 29... h3 $17) 28... Ng3+ 29. Kg1 $1 (29. hxg3 $2 {gets mated.} hxg3+) 29... Nxf1 30. Rxf1 h3 31. g3 {[%emt 0:03:21] Weighted Error Value: White=0.08 (flawless) /Black=0.06 (flawless) .  Inaccurate:     	White=1     	Black=2      OK:         	White=9     	Black=10     Best:        	---       	Black=2      Strong:       	White=1     	---} 1/2-1/2